AoeStats
← fatelai1017

Arabia

510290552Analyzed
1v1 RM · 16h ago on Sep 30, 2026· 37m 51s· 2 players
Game mode
Random Map
Map size
Tiny (2 player)
Population
200
Speed
Normal
Resources
Standard
Victory
Conquest
Starting age
Dark Age
Ending age
Imperial Age
RankedLock teamsTeams togetherTeam positionsShared explorationLock speedFull tech treeHidden civsTurbo modeCheats
Victory
Defeat
🇬🇧 Muisca · United Kingdom
1251
+15
🇹🇼 Varangians · Taiwan
1234
-15
fatelai1017
8:36 Feudal Age
8:10 Loom
9:02 Double-Bit Axe
12:26 Horse Collar
17:36 Forging
19:40 Castle Age
19:04 Scale Mail Armor
20:51 Bow Saw
21:19 Gold Mining
22:09 Squires
26:24 Bloodlines
26:16 Husbandry
28:28 Bloodlines
30:36 Scale Barding Armor
33:08 Stone Mining
33:02 Light Cavalry
34:29 Chain Mail Armor
34:37 Chain Barding Armor
Spod
6:07 Loom
8:43 Feudal Age
9:02 Champi Runner
13:54 Double-Bit Axe
17:14 Wheelbarrow
17:00 Forging
21:02 Castle Age
19:25 Scale Mail Armor
19:23 Horse Collar
21:18 Champi Warrior
22:03 Gold Mining
22:32 Bow Saw
23:33 Squires
24:01 Fletching
26:54 Sanctity
29:55 Thumb Ring
30:03 Town Watch
31:06 Bodkin Arrow
32:33 Chain Mail Armor
38:47 Iron Casting
Connection lost

Rejoining the realm…

Still unreachable

The connection could not be restored.

Session expired

The server has moved on; the page needs a fresh start.